 Dungeon Crawl Stone Soup version 0.32-a0-418-g34023cf50c (webtiles) character file.

Game seed: 11231646115011525223

88 Asfel the Trooper (level 4, 0/24 HPs)
             Began as a Vine Stalker Fighter on Feb 21, 2024.
             Slain by a gnoll
             ... wielding a +0 spear
              (2 damage)
             ... on level 2 of the Dungeon.
             The game lasted 00:03:56 (993 turns).

Asfel the Trooper (Vine Stalker Fighter)             Turns: 993, Time: 00:03:57

Health: 0/24       AC:  6    Str: 20    XL:     4   Next: 53%
Magic:  0/7        EV:  9    Int:  8    God:
Gold:   82         SH:  5    Dex: 14    Spells: 6/6 levels left

rFire   . . .        a - +0 war axe
rCold   . . .        c - +0 buckler
rNeg    . . .        b - +0 scale mail
rPois   .            (no helmet)
rElec   .            (no cloak)
rCorr   .            (no gloves)
SInv    .            (no boots)
Will    .....        f - amulet of magic regeneration Stlth
                     (no ring)
HPRegen 1.04/turn    (no ring)
MPRegen 0.50/turn

%: guardian spirit
@: no status effects
A: fangs 2, regeneration 1, magic shield, antimagic bite, no potion heal 2
a: no special abilities


You were on level 2 of the Dungeon.
You visited 1 branch of the dungeon, and saw 2 of its levels.

You collected 82 gold pieces.

Inventory:

Hand Weapons
 a - a +0 war axe (weapon)
Armour
 b - a +0 scale mail (worn)
 c - a +0 buckler (worn)
 h - a +0 scale mail
Jewellery
 f - an amulet of magic regeneration (around neck)
Scrolls
 e - a scroll of teleportation
 k - a scroll of noise {unknown}
Potions
 d - a potion of might
 g - 3 potions of curing
 i - a potion of haste {unknown}
 j - a potion of attraction {unknown}


   Skills:
 + Level 3.2 Fighting
 + Level 2.6 Axes
 + Level 2.8 Armour
 + Level 2.9 Shields
 * Level 1.5 Spellcasting


You had 6 spell levels left.
You didn't know any spells.
Your spell library contained the following spells:

 Spells                   Type           Power      Damage    Failure   Level
 Blink                    Tloc           0%         N/A       90%         2
 Lesser Beckoning         Tloc           0%         N/A       90%         2
 Momentum Strike          Conj/Tloc      0%         3d8       90%         2
 Tukima's Dance           Hex            0%         N/A       99%         3
 Passage of Golubria      Tloc           0%         N/A       100%        4
 Yara's Violent Unravell  Hex/Alch       0%         3d3       100%        5


Dungeon Overview and Level Annotations

Branches:
Dungeon (2/15)

Altars:


Innate Abilities, Weirdness & Mutations

You have extremely sharp teeth.
Your natural rate of healing is unusually fast.
When hurt, damage is shared between your health and your magic reserves.
Your bite disrupts and absorbs the magic of your enemies.
Potions cannot restore your health.


Message History

You kill the frilled lizard!
You see here a frilled lizard corpse.
A quokka comes into view.
A quokka is nearby!
A quokka is nearby!
You slash the quokka!
You kill the quokka!
You see here a quokka corpse.
A goblin comes into view. It is wielding a +0 dagger.
Found 3 stones.
The goblin shouts!
A goblin is nearby!
A goblin is nearby!
A gnoll comes into view. It is wielding a +0 halberd.
A gnoll comes into view. It is wielding a +0 spear.
The gnoll moves out of view. 2 gnolls come into view.
The gnoll shouts! x2
The gnoll moves out of view.
You hit the goblin.
You kill the goblin!
The gnoll hits you from afar with a +0 spear.
You see here a +0 dagger.
The gnoll hits you but does no damage. You block the gnoll's attack.
The gnoll barely misses you. The gnoll hits you with a +0 spear.
The gnoll hits you from afar with a +0 halberd.
You barely miss the gnoll. Your bite misses the gnoll. You hit the gnoll.
The gnoll hits you with a +0 spear. You block the gnoll's attack.
The gnoll closely misses you.
The gnoll hits you from afar with a +0 halberd!
* * * LOW HITPOINT WARNING * * *
The gnoll hits you with a +0 flail.
* * * LOW HITPOINT WARNING * * *
The gnoll hits you with a +0 spear.
* * * LOW HITPOINT WARNING * * *
Sorry, you're not good enough to have a special ability.
Okay, then.
The gnoll closely misses you.
The gnoll hits you from afar with a +0 spear.
You die...

#.......####.#.#####
.........)...#.# #
#######.######.# #
#<.........# #
#####+#####.## #
#......####..#####
#......#.#.#.#.#.#
#..........†......
######@)....#.#.#.#.#.#
#....g.............>...
#..(ggg######.#.#.#.#.#
#......# #.#####.###
#...$..# #.. #.. .
#......# #..# #####
#......# #.. # #......#
# #......#


You could see 4 gnolls.

Vanquished Creatures
  A dart slug (D:1)
  3 ribbon worms
  3 ball pythons
  3 endoplasms (D:1)
  5 giant cockroaches
  3 hobgoblins
  3 quokkas
  6 bats
  A frilled lizard (D:2)
  8 goblins
  2 kobolds (D:1)
  6 rats
44 creatures vanquished.

Notes
Turn   | Place    | Note
-------+----------+-------------------------------------------
     0 | D:1      | Asfel the Vine Stalker Fighter began the quest for the Orb.
     0 | D:1      | Reached XP level 1. HP: 11/11 MP: 2/2
     1 | D:1      | Found a runed translucent door.
    17 | D:1      | Reached XP level 2. HP: 11/16 MP: 1/3
    51 | D:1      | Reached XP level 3. HP: 18/19 MP: 5/5
    58 | D:1      | Reached skill level 3 in Fighting
   188 | D:1      | Reached skill level 1 in Spellcasting
   511 | D:1      | Reached XP level 4. HP: 24/24 MP: 7/7
   992 | D:2      | HP: 1/24 [gnoll/+0 spear (1)]
   993 | D:2      | Slain by a gnoll

Illustrated notes

Levels and vault maps discovered:
D:1:      dpeg_arrival_caged_fury, layout_rooms, grunt_decor_resistance,
          patterned_corridor
D:2:      layout_basic, st_stairs_13, minmay_tripent

Skill      XL: |  1  2  3 |
---------------+----------+-----
Axes           | 2 |  2.6
Fighting       | 3 |  3.2
Spellcasting   | 1 |  1.5
Armour         | |  2.8
Shields        | |  2.9

Action                     |  1- 3 |  4- 6 || total
---------------------------+-------+-------++-------
  Melee: War axe           |    54 |    37 ||    91
         Bite              |    12 |     9 ||    21
    Use: Scroll            |     3 |       ||     3
 Armour: Scale mail        |    39 |    58 ||    97
  Dodge: Dodged            |    20 |    30 ||    50
  Block: Buckler           |    13 |    17 ||    30

Table legend: (Time is in decaauts)
 A = Elapsed time spent in this place.
 B = Non-inter-level travel time spent in this place.
 C = Inter-level travel time spent in this place.
 D = Time resting spent in this place.
 E = Time spent auto-exploring this place.
 F = Levels seen in this place.
 G = Mean time per level.
                   A        B        C        D        E       F      G
               +--------+--------+--------+--------+--------+-----+--------+
         Total |   1031 |    993 |     38 |      0 |    598 |   2 |  515.5 |
       Dungeon |   1031 |    993 |     38 |      0 |    598 |   2 |  515.5 |
               +--------+--------+--------+--------+--------+-----+--------+

Top non-repeatable levels by time:
     D:1: 689 daAuts
     D:2: 341 daAuts
